 Dungeon Crawl Stone Soup version 0.29.1-14-g9c671dbff4 (webtiles) character file.

Game seed: 16366479512091230215

2331 Heoruswealwe the Thaumaturge (level 9, 0/67 HPs)
             Began as a Deep Elf Summoner on Feb 18, 2023.
             Was a High Priest of Nemelex Xobeh.
             Slain by an orc
             ... wielding a +0 hand axe
              (5 damage)
             ... in a bailey.
             The game lasted 02:10:51 (8668 turns).

Heoruswealwe the Thaumaturge (Deep Elf Summoner)    Turns: 8668, Time: 02:10:52

Health: 0/67       AC: 24    Str:  5    XL:     9   Next: 19%
Magic:  23/26      EV:  2    Int: 31    God:    Nemelex Xobeh [*****.]
Gold:   163        SH:  5    Dex: 21    Spells: 23/31 levels left

rFire   + . .      SeeInvis .   g - +8 dagger "Umivux" {flame, rF+ Will++}
rCold   + . .      Faith    .   (no shield)
rNeg    . . .      Spirit   .   (body armour currently unavailable)
rPois   +          Reflect  +   (helmet currently unavailable)
rElec   .          Harm     .   (cloak currently unavailable)
rCorr   .          Rampage  .   (gloves currently unavailable)
Will    +++..      NoTele   +   (boots currently unavailable)
Stlth   ++........              A - amulet of reflection
HPRegen 0.21/turn               e - ring of Waihatech {rC+ Int+6}
MPRegen 0.20/turn               I - +6 ring of dexterity

@: tree-form, unable to drink
A: stationary, stasis, torment immunity, boosted hp, (cold resistance 1),
strong-willed 1, inability to drink after injury 1
a: Renounce Religion, Draw Escape, Draw Destruction, Draw Summoning, Triple
Draw, Deal Four, Stack Five


You were in a bailey.
You worshipped Nemelex Xobeh.
Nemelex Xobeh was extremely pleased with you.
You were a tree.
You visited 1 branch of the dungeon, and saw 7 of its levels.
You also visited: Sewer and Bailey.

You collected 284 gold pieces.
You spent 121 gold pieces at shops.

Inventory:

Hand Weapons
 a - a +0 hand axe
 c - a +0 hand axe
 g - the +8 dagger "Umivux" (weapon) {flame, rF+ Will++}
   (You found it on level 2 of the Dungeon)

   It burns those it strikes, dealing additional fire damage.
   rF:        It protects you from fire.
   Will:      It greatly increases your willpower.
 h - a +0 war axe
 k - a +0 broad axe
 n - a +0 hand axe
 o - a +0 hand axe
 t - a +0 hand axe
 u - a +0 hand axe
 D - a +0 war axe
 H - a +0 hand axe
 K - a +0 hand axe
 M - a +0 hand axe
Armour
 d - a +0 leather armour
 f - a +0 leather armour
 j - a +0 ring mail
 m - a +0 pair of gloves (melded)
 p - a +0 leather armour
 q - a +0 leather armour
 s - a +0 scale mail
 w - a +0 leather armour
 B - a +0 leather armour
 F - a +0 leather armour
 G - a scarf of resistance (melded)
 J - a +0 leather armour
 L - a +0 leather armour
 N - a +0 leather armour
 U - a +0 robe (melded)
 W - a +0 pair of boots (melded)
 X - a +0 helmet (melded)
Jewellery
 e - the ring of Waihatech (left branch) {rC+ Int+6}
   (You found it on level 3 of the Dungeon)

   [ring of intelligence]

   Int:       It affects your intelligence (+6).
   rC:        It protects you from cold.
 A - an amulet of reflection (around neck)
 I - a +6 ring of dexterity (right branch)
Wands
 r - a wand of flame (8)
Scrolls
 x - 2 scrolls of teleportation
 y - a scroll of poison
 C - a scroll of blinking
 P - 2 scrolls of amnesia
Potions
 b - 2 potions of magic
 i - a potion of lignification
 l - a potion of berserk rage
 v - 2 potions of cancellation
 z - 2 potions of might
 E - a potion of flight
 S - 3 potions of haste
 T - a potion of brilliance


   Skills:
 - Level 2.4 Dodging
 - Level 2.4 Stealth
 + Level 11.7 Spellcasting
 + Level 10.5 Summonings


You had 23 spell levels left.
You knew the following spells:

 Your Spells              Type           Power      Damage    Failure   Level
a - Summon Small Mammal   Summ           100%       N/A       1%          1
b - Call Canine Familiar  Summ           70%        N/A       1%          3
c - Summon Lightning Spi  Summ/Air       50%        N/A       3%          4

Your spell library contained the following spells:

 Spells                   Type           Power      Damage    Failure   Level
 Call Imp                 Summ           70%        N/A       1%          2
 Summon Guardian Golem    Hex/Summ       50%        N/A       1%          3
 Beastly Appendage        Tmut           36%        N/A       2%          1
 Foxfire                  Conj/Fire      72%        2x1d7     2%          1
 Wereblood                Tmut           18%        N/A       4%          2
 Conjure Flame            Conj/Fire      18%        6-21      9%          3
 Inner Flame              Hex/Fire       18%        N/A       9%          3
 Spider Form              Tmut/Pois      18%        N/A       9%          3
 Flame Wave               Conj/Fire      18%        2d7       26%         4
 Leda's Liquefaction      Hex/Erth       9%         N/A       26%         4
 Lee's Rapid Deconstruct  Erth           9%         3d8*      58%         5
 Statue Form              Tmut/Erth      12%        N/A       99%         6


Dungeon Overview and Level Annotations

Branches:
Dungeon (7/15)             Temple (0/1) D:7           Sewer (visited)
 Bailey (1/1)

Altars:
Cheibriados
Makhleb
Nemelex Xobeh
Ru
Trog
Zin
The Shining One

Shops:
D:3 =   D:6 *((**


Innate Abilities, Weirdness & Mutations

You are a tree.
Your roots penetrate the ground, keeping you stationary.
You cannot be teleported.
You are immune to unholy pain and torment.
Your maximum health is greatly increased.
Your equipment is partially melded.
((Your flesh is cold resistant. (rC+)))
You are strong-willed. (Will+)
You occasionally lose the ability to drink potions when taking damage.


Message History

The orc warrior hits your orc warrior with a +0 war axe!
The orc warrior hits your warg with a +0 war axe!
The orc hits you but does no damage.
The orc hits your orc warrior but does no damage.
The orc hits your gnoll with a +0 hand axe.
The goblin hits you but does no damage. The goblin closely misses your gnoll.
Your warg barely misses the orc warrior.
The orc hits you but does no damage. The orc barely misses your orc warrior.
The orc barely misses your gnoll.
Your gnoll hits the orc warrior with a +0 whip.
Your gnoll hits the goblin with a +0 spear!
The goblin dies!
Your orc hits the orc warrior from afar with a +1 trident of venom.
The orc warrior is poisoned.
Your orc warrior closely misses the orc.
The orc warrior hits your warg with a +0 war axe!
Your warg dies!
Your warg's corpse disappears in a puff of smoke!
The orc warrior hits your orc warrior with a +0 war axe.
The orc warrior hits your gnoll with a +0 war axe.
The orc warrior barely misses your gnoll.
You block the orc warrior's attack.
The orc warrior hits your orc priest with a +0 war axe!
You hit the orc warrior. You burn the orc warrior.
The orc warrior is almost dead.
Your orc warrior closely misses the orc warrior.
The orc warrior hits you but does no damage.
The orc warrior hits your orc priest but does no damage.
The orc warrior hits your orc warrior with a +0 war axe!
The orc warrior closely misses your gnoll. x2
Your gnoll barely misses the orc warrior.
Your gnoll closely misses the orc warrior.
Your gnoll barely misses the orc warrior.
Your orc hits the orc warrior from afar with a +1 trident of venom!
The orc warrior dies!
Your orc wizard casts a spell.
Your orc wizard flickers and vanishes for a moment.
Your orc priest closely misses the orc.
The orc hits you with a +0 hand axe.
You die...
Your body glows with a rainbow of weird colours and disappears.

. .. ... ....
####### ...⌠.
##..§o§##).....
#.....♣)gg.....
##...gg§o##.....
#.....goo.# ...
##.....o.o.## 8
#.....⌠.....#
##.........##
#.........#
##.......##
#.......#


You could see an orc (ally target), a friendly orc warrior (summoned), 2
friendly orc priests, a friendly orc wizard (summoned, invisible), 5 friendly
gnolls and a friendly orc (summoned).

Vanquished Creatures
  2 orc warriors (Bailey)
  A scorpion (D:5)
  Dowan (D:5)
  An orc priest (D:4)
  A gnoll bouda (D:6)
  3 hounds
  An orc wizard (D:4)
  A gnoll (Bailey)
  2 river rats
  An adder (Sewer)
  A white imp (D:6)
  A worm (D:2)
  A dart slug (D:3)
  6 orcs
  3 ball pythons
  A bat (D:3)
  An endoplasm (D:3)
  A giant cockroach (D:2)
  7 goblins
  8 hobgoblins
  7 rats
51 creatures vanquished.

Vanquished Creatures (collateral kills)
  Grinder (D:3)
  The ghost of LaMa the Unbeliever, an amateur DsGl (D:5)
  A steam dragon (D:4)
  Duvessa (D:5)
  A sky beast (D:6)
  3 orc warriors (Bailey)
  2 centaurs
  2 bullfrogs (Sewer)
  2 necrophages
  An orc priest (D:5)
  4 hounds
  An iguana (D:5)
  3 orc wizards
  4 gnolls (D:6)
  10 adders
  2 river rats
  2 white imps
  A worm (D:2)
  3 dart slugs
  19 orcs
  5 endoplasms
  3 giant cockroaches
  8 goblins
  9 hobgoblins
  4 jackals (D:3)
  5 kobolds
  3 quokkas
  16 ball pythons
  3 bats
  A frilled lizard (D:2)
  22 rats
143 creatures vanquished.

Vanquished Creatures (others)
  3 fungi (D:1)
  8 plants
11 creatures vanquished.

Grand Total: 205 creatures vanquished

Notes
Turn   | Place    | Note
-------+----------+-------------------------------------------
     0 | D:1      | Heoruswealwe the Deep Elf Summoner began the quest for the
                  | Orb.
     0 | D:1      | Reached XP level 1. HP: 10/10 MP: 6/6
   101 | D:1      | Found a faded altar of an unknown god.
   117 | D:1      | Got Plato's Spellbook of Shaping
   120 | D:1      | Prayed at the altar of an unknown god.
   120 | D:1      | Became a worshipper of Nemelex Xobeh the Trickster
   120 | D:1      | Reached * piety under Nemelex Xobeh
   380 | D:1      | Received a gift from Nemelex Xobeh
   510 | D:1      | Reached XP level 2. HP: 15/15 MP: 4/8
   862 | D:1      | Learned a level 1 spell: Summon Small Mammal
  1449 | D:2      | Identified the +8 dagger "Umivux" {flame, rF+ Will++}
  1563 | D:2      | Reached ** piety under Nemelex Xobeh
  1563 | D:2      | Received a gift from Nemelex Xobeh
  1575 | D:2      | Reached skill level 4 in Spellcasting
  1585 | D:2      | Reached skill level 5 in Summonings
  1585 | D:2      | Reached XP level 3. HP: 16/19 MP: 10/10
  1589 | D:2      | Learned a level 3 spell: Call Canine Familiar
  2228 | D:3      | Found Jitagh's Jewellery Emporium.
  2233 | D:3      | Received a gift from Nemelex Xobeh
  2279 | D:3      | Identified the ring of Waihatech {rC+ Int+6}
  2400 | D:2      | You fall into a shaft and drop 2 floors!
  2557 | D:4      | Reached skill level 5 in Spellcasting
  2557 | D:4      | Reached XP level 4. HP: 24/24 MP: 13/13
  2858 | D:3      | Reached *** piety under Nemelex Xobeh
  2889 | D:3      | Noticed Grinder
  2934 | D:3      | Killed Grinder
  2935 | D:3      | Reached skill level 6 in Spellcasting
  2935 | D:3      | Reached XP level 5. HP: 8/28 MP: 6/16
  2935 | D:3      | Reached XP level 6. HP: 9/32 MP: 6/17
  3363 | D:3      | Received a gift from Nemelex Xobeh
  3465 | D:4      | You fall into a shaft and drop 1 floor!
  3465 | D:5      | Entered Level 5 of the Dungeon
  3524 | D:5      | Reached skill level 7 in Spellcasting
  3700 | D:4      | Reached XP level 7. HP: 10/36 MP: 20/20
  3997 | D:4      | Noticed a steam dragon
  4004 | D:4      | Killed a steam dragon
  4005 | D:4      | Reached skill level 8 in Spellcasting
  4617 | D:4      | You fall into a shaft and drop 2 floors!
  4765 | D:6      | Found Zihygax's General Store.
  4829 | D:6      | Found Heqan's Assorted Antiques.
  4924 | D:6      | Found Wuinueru's Assorted Antiques.
  4966 | D:6      | Reached skill level 9 in Spellcasting
  4981 | D:6      | Found a glowing drain.
  4992 | Sewer    | Entered a sewer
  5093 | Sewer    | Reached XP level 8. HP: 35/41 MP: 23/23
  5199 | Sewer    | Reached **** piety under Nemelex Xobeh
  6084 | D:1      | Learned a level 4 spell: Summon Lightning Spire
  6302 | D:5      | Received a gift from Nemelex Xobeh
  6302 | D:5      | Found a runed translucent gate.
  6303 | D:5      | Found a runed translucent gate.
  6304 | D:5      | Found a runed translucent gate.
  6307 | D:5      | Noticed LaMa's ghost (amateur DsGl)
  6340 | D:5      | Reached skill level 10 in Spellcasting
  6461 | D:5      | Noticed Duvessa
  6462 | D:5      | Noticed Dowan
  6470 | D:5      | Killed Duvessa
  6474 | D:5      | Killed Dowan
  6551 | D:5      | Found a bloodstained altar of Trog.
  6569 | D:5      | Found a glowing silver altar of Zin.
  7196 | D:5      | Killed LaMa's ghost
  7372 | D:6      | Found Vugesm's Weapon Shop.
  7644 | D:4      | Gained mutation: You sometimes lose your temper in combat.
                  | [potion of mutation]
  7644 | D:4      | Gained mutation: You have a pair of small horns on your
                  | head. [potion of mutation]
  7788 | D:6      | Found Maohinea's Antique Weapon Shop.
  7833 | D:6      | Bought a fuming white potion for 25 gold pieces
  7847 | D:6      | Reached skill level 11 in Spellcasting
  7960 | D:6      | Bought a potion of mutation for 96 gold pieces
  7962 | D:6      | Lost mutation: You sometimes lose your temper in combat.
                  | [potion of mutation]
  7962 | D:6      | Lost mutation: You have a pair of small horns on your head.
                  | [potion of mutation]
  7962 | D:6      | Gained mutation: You are strong-willed. (Will+) [potion of
                  | mutation]
  7962 | D:6      | Gained mutation: Your flesh is cold resistant. (rC+)
                  | [potion of mutation]
  7962 | D:6      | Gained mutation: You occasionally lose the ability to drink
                  | potions when taking damage. [potion of mutation]
  8033 | D:6      | Found a sacrificial altar of Ru.
  8034 | D:6      | Found a sparkling altar of Nemelex Xobeh.
  8035 | D:6      | Found a glowing golden altar of the Shining One.
  8038 | D:6      | Found a snail-covered altar of Cheibriados.
  8041 | D:6      | Found a burning altar of Makhleb.
  8045 | D:6      | Reached skill level 10 in Summonings
  8395 | D:7      | Received a gift from Nemelex Xobeh
  8467 | D:7      | Found a flagged portal.
  8511 | Bailey   | Entered a bailey
  8585 | Bailey   | Reached XP level 9. HP: 31/45 MP: 26/26
  8634 | Bailey   | Reached ***** piety under Nemelex Xobeh
  8668 | Bailey   | Slain by an orc

Illustrated notes

Levels and vault maps discovered:
D:1:      ncdulo_halloftheorcs, layout_loops_ring,
          shapermc_ecumenical_altar_rom_forum
D:2:      cheibrodos_greedy_goblins, layout_loops_corners
D:3:      layout_loops_ring, serial_shops, shop, bh_walls_and_bars, uniq_grinder
D:4:      layout_gridville
D:5:      layout_basic, mainiacjoe_overflow_swirl, serial_rivers,
          chequers_serial_rivers_micro_d, chequers_serial_rivers_micro_c,
          chequers_serial_rivers_micro_b, chequers_serial_rivers_room_a,
          chequers_serial_rivers_small_b, biasface_ghost_orc_armoury,
          uniq_duvessa
D:6:      layout_loops_ring, grunt_temple_overflow_open, serial_shops, shop,
          nicolae_shop_overgrown_old_shop, shop, kennysheep_mini,
          shop_fountains, portal_sewer_entry_e
D:7:      layout_loops_ring, minmay_temple_entry_butterflies, enter_bailey_4,
          dk_noncrumbling_4, kennysheep_generic_room_8
Bailey:   bailey_axe_minmay_hex_keep, bailey

Skill      XL: |  1  2  3  4  5  6  7  8 |
---------------+-------------------------+-----
Spellcasting   | 4 5 6 7 9 11 | 11.7
Summonings     | 5 6 7 8 10 | 10.5
Dodging        | |  2.4
Stealth        | |  2.4

Action                   |  1- 3 |  4- 6 |  7- 9 || total
-------------------------+-------+-------+-------++-------
Melee: Spear             |    46 |       |       ||    46
       Punch             |     1 |     1 |     1 ||     3
       Dagger            |    28 |    21 |   102 ||   151
       Headbutt          |       |       |     9 ||     9
 Cast: Summon Small Mamm |    22 |       |       ||    22
       Call Canine Famil |     4 |     8 |    21 ||    33
       Summon Lightning  |       |       |     3 ||     3
  Use: Scroll            |    10 |     2 |    13 ||    25
       Potion            |     2 |     1 |     7 ||    10
 Stab: Sleeping          |     2 |       |     4 ||     6
Armor: Robe              |     2 |     4 |     9 ||    15
       Skin              |       |       |     9 ||     9
Dodge: Dodged            |    15 |    22 |    44 ||    81
Block: Other             |       |       |    22 ||    22
       Reflection        |       |       |     1 ||     1
